AoeStats
← Heoxa

Black Forest

510325972Analyzed
4v4 RM · 3d ago on Sep 30, 2026· 67m 50s· 8 players
Game mode
Random Map
Map size
Large (8 player)
Population
200
Speed
Normal
Resources
Standard
Victory
Conquest
Starting age
Dark Age
Ending age
Imperial Age
RankedLock teamsTeams togetherTeam positionsShared explorationLock speedFull tech treeHidden civsTurbo modeCheats
Victory
Defeat
🇲🇽 Bohemians · Mexico
642
+18
🇵🇪 Magyars · Peru
618
+19
🇨🇱 Britons · Chile
608
+19
🇺🇸 Celts · United States
545
+22
🇨🇦 Spanish · Canada
740
-22
🇹🇼 Teutons · Taiwan
736
-22
🇵🇹 Vikings · Portugal
685
-20
🇹🇷 Turks · Türkiye
546
-14
cbgb
0:39 Loom
15:09 Feudal Age
15:54 Double-Bit Axe
17:22 Wheelbarrow
21:44 Castle Age
20:09 Gold Mining
21:25 Horse Collar
23:55 Bow Saw
25:34 Stone Mining
26:09 Heavy Plow
27:31 Hand Cart
31:10 Gold Shaft Mining
34:52 Imperial Age
33:15 Forging
33:08 Caravan
33:49 Gambesons
33:25 Pikeman
34:18 Scale Barding Armor
34:59 Husbandry
35:51 Chain Barding Armor
38:07 Iron Casting
37:46 Fortified Wall
37:35 Murder Holes
37:25 Cavalier
38:59 Siege Engineers
40:30 Guilds
40:45 Ballistics
40:38 Masonry
40:08 Onager
42:19 Paladin
45:00 Blast Furnace
44:34 Fletching
44:44 Elite Woad Raider
49:07 Man-at-Arms
49:54 Long Swordsman
56:53 Stronghold
57:08 Bodkin Arrow
chuchorex123
0:29 Loom
13:12 Feudal Age
19:57 Castle Age
18:00 Horse Collar
18:14 Double-Bit Axe
21:01 Wheelbarrow
20:12 Town Watch
21:28 Bow Saw
23:16 Fervor
25:51 Hand Cart
28:42 Heavy Plow
31:56 Town Patrol
34:45 Imperial Age
34:15 Chemistry
33:36 Ballistics
33:33 Pikeman
34:26 Squires
34:12 Arson
37:38 Fortified Wall
37:16 Houfnice
39:20 Caravan
40:31 Halberdier
44:23 Two-Man Saw
47:02 Scale Mail Armor
47:12 Forging
50:17 Iron Casting
49:58 Chain Mail Armor
50:39 Conscription
49:43 Elite Hussite Wagon
50:30 Wagenburg Tactics
54:24 Blast Furnace
53:54 Plate Mail Armor
59:13 Sanctity
64:34 Bombard Tower
@JPierre99
4:19 Loom
10:23 Feudal Age
12:06 Wheelbarrow
11:18 Horse Collar
11:29 Double-Bit Axe
19:27 Castle Age
17:29 Gold Mining
20:11 Scale Barding Armor
22:26 Hand Cart
26:47 Stone Mining
27:35 Gold Shaft Mining
28:46 Town Watch
31:50 Bow Saw
33:54 Pikeman
34:53 Corvinian Army
36:32 Caravan
37:03 Coinage
39:07 Imperial Age
37:22 Husbandry
38:13 Chain Barding Armor
37:53 Scale Mail Armor
37:28 Man-at-Arms
40:46 Plate Barding Armor
40:26 Chain Mail Armor
41:20 Chemistry
40:16 Murder Holes
40:30 Halberdier
40:31 Long Swordsman
41:29 Cavalier
41:39 Two-Handed Swordsman
42:56 Recurve Bow
43:43 Heavy Plow
44:33 Ballistics
44:42 Elite Magyar Huszar
46:48 Town Patrol
47:51 Conscription
49:43 Two-Man Saw
49:16 Crop Rotation
48:37 Onager
48:46 Champion
53:32 Padded Archer Armor
53:23 Fletching
55:10 Paladin
55:11 Light Cavalry
56:02 Bloodlines
63:08 Hussar
KrathOs98CHI
9:56 Loom
12:17 Feudal Age
11:09 Loom
12:42 Horse Collar
12:51 Double-Bit Axe
13:02 Town Watch
13:53 Wheelbarrow
26:17 Castle Age
24:14 Gold Mining
24:16 Stone Mining
24:23 Man-at-Arms
28:25 Hand Cart
28:11 Town Patrol
28:19 Heavy Plow
29:06 Gold Shaft Mining
29:03 Bow Saw
30:24 Husbandry
30:13 Gambesons
29:50 Long Swordsman
30:32 Squires
30:19 Arson
38:14 Imperial Age
35:52 Caravan
38:22 Ballistics
37:50 Treadmill Crane
38:16 Fletching
38:27 Padded Archer Armor
38:27 Scale Mail Armor
38:38 Forging
38:33 Scale Barding Armor
41:34 Leather Archer Armor
41:55 Iron Casting
41:16 Bodkin Arrow
41:37 Chain Mail Armor
40:47 Two-Handed Swordsman
40:50 Cavalier
42:39 Two-Man Saw
48:36 Elite Longbowman
49:38 Yeomen
49:58 Hoardings
49:26 Warwolf
49:48 Conscription
50:49 Ring Archer Armor
50:50 Plate Mail Armor
51:21 Blast Furnace
50:21 Bracer
50:42 Chain Barding Armor
49:48 Champion
50:36 Sappers
52:28 Sappers
53:34 Hoardings
53:42 Hoardings
53:27 Masonry
53:25 Siege Engineers
53:18 Murder Holes
53:15 Arrowslits
54:32 Chemistry
53:43 Siege Engineers
53:25 Arrowslits
55:37 Architecture
55:22 Warwolf
ANCORA
14:05 Feudal Age
14:34 Horse Collar
15:00 Arson
17:38 Double-Bit Axe
23:10 Castle Age
22:00 Scale Mail Armor
22:16 Forging
22:23 Stone Mining
22:24 Gold Mining
24:07 Heavy Plow
24:12 Caravan
26:33 Bow Saw
27:33 Chain Mail Armor
27:54 Iron Casting
30:16 Squires
33:29 Chieftains
36:15 Imperial Age
34:50 Ballistics
34:56 Murder Holes
37:43 Gold Shaft Mining
36:38 Capped Ram
36:44 Elite Varangian Guard
38:35 Plate Mail Armor
39:11 Blast Furnace
39:42 Two-Man Saw
40:14 Conscription
42:10 Siege Ram
45:16 Hoardings
46:13 Chemistry
Leeroy Jenkins 2012
1:33 Loom
12:55 Feudal Age
13:30 Town Watch
18:07 Castle Age
16:42 Double-Bit Axe
16:43 Horse Collar
18:14 Fletching
18:51 Forging
18:51 Stone Mining
19:39 Bow Saw
33:18 Wheelbarrow
32:45 Town Patrol
36:38 Imperial Age
34:10 Gold Mining
35:00 Stone Shaft Mining
36:45 Hand Cart
36:52 Ballistics
37:14 Onager
38:51 Conscription
38:51 Supremacy
37:54 Elite Conquistador
39:10 Hoardings
38:06 Sappers
38:56 Inquisition
40:11 Chemistry
39:36 Husbandry
39:48 Bloodlines
39:42 Cavalier
39:44 Pikeman
40:25 Squires
40:10 Gambesons
39:46 Man-at-Arms
40:37 Sappers
41:43 Hoardings
41:32 Supremacy
41:45 Paladin
44:08 Caravan
44:39 Coinage
44:48 Bombard Tower
44:24 Murder Holes
44:40 Masonry
44:41 Fortified Wall
44:22 Guard Tower
44:18 Arrowslits
46:59 Architecture
48:00 Keep
51:00 Elite Conquistador
52:19 Banking
52:00 Guilds
52:29 Scale Barding Armor
52:59 Iron Casting
52:25 Scale Mail Armor
52:21 Bodkin Arrow
52:27 Padded Archer Armor
58:30 Halberdier
58:30 Long Swordsman
58:55 Arson
59:32 Chain Barding Armor
60:13 Blast Furnace
59:29 Chain Mail Armor
59:15 Bracer
59:30 Leather Archer Armor
65:06 Two-Handed Swordsman
iiiqq-qwzaa---q
10:38 Feudal Age
11:04 Double-Bit Axe
14:15 Stone Mining
19:17 Castle Age
17:46 Stone Mining
17:56 Horse Collar
20:11 Bow Saw
20:38 Wheelbarrow
25:41 Pikeman
26:52 Gold Mining
28:50 Hand Cart
28:57 Heavy Plow
32:54 Imperial Age
32:36 Stone Shaft Mining
32:11 Scale Barding Armor
32:06 Scale Mail Armor
32:17 Forging
32:46 Squires
34:31 Chain Mail Armor
35:35 Chemistry
36:12 Two-Man Saw
36:12 Ironclad
35:14 Halberdier
37:05 Caravan
37:47 Cavalier
40:57 Chain Barding Armor
41:07 Plate Mail Armor
41:13 Iron Casting
40:26 Heavy Scorpion
41:28 Paladin
50:10 Plate Barding Armor
50:36 Blast Furnace
51:22 Elite Teutonic Knight
Heoxa
12:18 Feudal Age
14:00 Double-Bit Axe
14:20 Horse Collar
17:14 Wheelbarrow
22:12 Gold Mining
24:58 Stone Mining
29:09 Castle Age
31:37 Bow Saw
32:14 Gold Shaft Mining
32:21 Heavy Plow
33:02 Padded Archer Armor
32:54 Fletching
35:51 Hand Cart
36:05 Caravan
38:27 Ballistics
47:38 Imperial Age
47:44 Elite Janissary
55:17 Hoardings
Connection lost

Rejoining the realm…

Still unreachable

The connection could not be restored.

Session expired

The server has moved on; the page needs a fresh start.